 Dungeon Crawl Stone Soup version 0.28-a0-114-g2bf3c13a2f (webtiles) character file.

Game seed: 10183831810151263366

3520 lunkers the Thaumaturge (level 10, -12/76 HPs)
             Began as a Djinni Earth Elementalist on Aug 12, 2021.
             Was an Initiate of Gozag.
             Killed by the air
             ... invoked by Gastronok
              (23 damage)
             ... on level 8 of the Dungeon.
             The game lasted 00:08:56 (10476 turns).

lunkers the Thaumaturge (DjEE)                     Turns: 10476, Time: 00:08:56

Health: -12/76     AC: 12    Str:  7    XL:     10   Next: 29%
Gold:   714        EV: 10    Int: 20    God:    Gozag SH:  7 Dex: 14

rFire   + + .      SeeInvis +   (no weapon)
rCold   x . .      Faith    .   o - +2 buckler
rNeg    . . .      Spirit   .   y - +3 ring mail
rPois   ∞          Reflect  .   l - +1 helmet {SInv}
rElec   .          Harm     .   v - +1 cloak
rCorr   .          Rampage  .   (no gloves)
Will    .....                   (boots unavailable)
Stlth   +.........              (no amulet)
HPRegen 0.22/turn               (no ring)
MPRegen 0.00/turn               (no ring)

@: weak-willed, flying
A: sickness immunity, fire resistance 2, cold vulnerability 1, float, innate
caster, hp casting, extra vitality 1
a: Renounce Religion, Potion Petition, Call Merchant, Bribe Branch


You were on level 8 of the Dungeon.
You worshipped Gozag.
Gozag was pleased with you.
You visited 2 branches of the dungeon, and saw 9 of its levels.

You collected 806 gold pieces.
You paid 92 gold pieces to Gozag.

Inventory:

Missiles
 c - 68 stones
 h - a throwing net
Armour
 b - a +0 robe
 l - a +1 helmet of see invisible (worn)
 o - a +2 buckler (worn)
 v - a +1 cloak (worn)
 y - a +3 ring mail (worn)
Wands
 i - a wand of charming (9)
 r - a wand of iceblast (4)
 A - a wand of flame (20)
Scrolls
 a - a scroll of immolation {unknown}
 g - a scroll of identify
 m - a scroll of teleportation {unknown}
 n - a scroll of holy word {unknown}
 p - a scroll of blinking {unknown}
 w - a scroll of silence {unknown}
 x - a scroll of enchant weapon {unknown}
 z - a scroll of vulnerability
Potions
 d - 2 potions of mutation
 e - 2 potions of curing
 f - 2 potions of resistance
 j - 4 potions of heal wounds
 k - a potion of lignification {unknown}
 q - a potion of berserk rage {unknown}
 s - a potion of flight {unknown}
 t - a potion of brilliance {unknown}
 u - 2 potions of magic {unknown}
 B - a potion of haste {unknown}


   Skills:
 + Level 7.6 Fighting
 - Level 2.1 Dodging
 - Level 1.5 Stealth
 - Level 4.0 Shields
 * Level 8.9 Spellcasting


You had 7 spell levels left.
You knew the following spells:

 Your Spells              Type           Power      Damage    Failure   Level
a - Stone Arrow           Conj/Erth      88%        3d12      2%          3
b - Passwall              Tmut/Erth      36%        N/A       1%          2
c - Sandblast             Erth           88%        2d18      1%          1
d - Petrify               Tmut/Erth      44%        N/A       7%          4
e - Freeze                Ice            100%       1d11      1%          1
f - Blink                 Tloc           N/A        N/A       1%          2
g - Gell's Gravitas       Tloc           22%        N/A       2%          3
h - Swiftness             Air            44%        N/A       2%          3
Your spell library was empty.

Dungeon Overview and Level Annotations

Branches:
Dungeon (8/15)             Temple (1/1) D:5
   Lair: D:8-11

Altars:
Ashenzari
Cheibriados
Dithmenos
Elyvilon
Fedhas
Gozag
Hepliaklqana
Kikubaaqudgha
Makhleb
Nemelex Xobeh
Okawaru
Qazlal
Ru
Sif Muna
Trog
Uskayaw
Vehumet
Wu Jian
Xom
Yredelemnul
Zin
The Shining One

Annotations:
D:4 2 transporters, Atlas's ghost, amateur DrTm
D:5 2 transporters
D:7 2 transporters, Menkaure
D:8 1 transporter, Gastronok; Joseph; Laraso's ghost, novice MfIE


Innate Abilities, Weirdness & Mutations

You are immune to sickness and miasma.
You are immune to poison.
Your flesh is very heat resistant. (rF++)
You are vulnerable to cold. (rC-)
You float through the air rather than walking.
You learn spells naturally, not from books.
Your magical power is your life essence.
You have superior vitality. (+4 HP)


Message History

The iceblast engulfs Gastronok!
Gastronok is severely wounded.
Joseph is distracted by your dazzling golden aura.
Aiming: Iceblast
Press: ? - help, Shift-Dir - straight line, f/p - Gastronok
Aim: Gastronok, wearing a +0 hat (severely wounded, covering ground quickly)
The mass of ice explodes!
The iceblast engulfs Joseph!
Joseph is heavily wounded.
Joseph is no longer distracted by gold.
The iceblast engulfs the plant!
The plant is lightly damaged.
The iceblast engulfs Gastronok!
Gastronok is severely wounded.
Joseph unwields a +0 quarterstaff.
Joseph wields a +0 hunting sling of flaming.
It bursts into flame!
Joseph shoots a sling bullet.
The sling bullet hits you.
* * * LOW HITPOINT WARNING * * *
Aiming: Iceblast
Press: ? - help, Shift-Dir - straight line, f/p - Gastronok
Aim: Gastronok, wearing a +0 hat (severely wounded, covering ground quickly)
The mass of ice explodes!
The iceblast engulfs Gastronok!
Gastronok is severely wounded.
The iceblast engulfs Joseph!
Joseph is severely wounded.
Joseph shoots a sling bullet.
The sling bullet hits you!
* * * LOW HITPOINT WARNING * * *
Aiming: Iceblast
Press: ? - help, Shift-Dir - straight line, p - Gastronok
Okay, then.
Okay, then.
As you read the scroll labelled VOTETAS JIKI, it crumbles to dust.
Magic quickly surges around you.
It was a scroll of vulnerability.
A nearby plant withers and dies.
Joseph shoots a sling bullet.
The sling bullet hits you.
* * * LOW HITPOINT WARNING * * *
The sling bullet burns you.
* * * LOW HITPOINT WARNING * * *
Gastronok waves his eye-stalks in wide circles.
The air twists around and strikes you!!
You die...
Your body crumbles into a pile of gold.

#.....## ......## .#
#...=..### .#
##....P≈PP#..# # P≈.P
#....PP≈≈.#.$# ## ≈≈≈
#...≈≈≈PP≈...# ##. #P♣≈.
#.@w≈P≈PPP...####..
#≈P≈≈##...P≈♣PP..# ##....
#P≈♣PP#.@PP≈≈≈.#####.....
#PP≈≈PP..≈≈≈PP.###...(...
#.P♣♣PP..P≈♣P≈..........#
#P≈≈♣≈PPPP♣P............#
#P≈≈♣♣P♣♣≈P≈#######....#
#PP≈≈≈♣≈≈≈.## ##...#
#.≈P♣≈♣≈≈≈P# ##...
#..P≈≈♣≈≈P## ##..
#.PPP≈≈≈PP# ##.


You could see Gastronok (swift, weak-willed) and Joseph (weak-willed).

Vanquished Creatures
  A two-headed ogre (D:8)
  A deep elf pyromancer (D:7)
  A wyvern (D:7)
  Duvessa (D:7)
  A black bear (D:5)
  A sky beast (D:6)
  4 necrophages
  3 ogres
  A centaur (D:8)
  A phantom (D:5)
  2 bullfrogs
  Dowan (D:7)
  A scorpion (D:6)
  A wyvern skeleton (D:5)
  An electric eel (D:8)
  A bullfrog zombie (D:5)
  5 orc priests
  3 hounds
  A centaur zombie (D:7)
  Crazy Yiuf (D:6)
  A centaur skeleton (D:6)
  2 gnoll shamans
  2 iguanas (D:6)
  A scorpion zombie (D:5)
  8 orc wizards
  A howler monkey skeleton (D:6)
  7 gnolls
  7 adders
  A shadow imp (D:4)
  An ufetubus (D:6)
  2 worms
  2 dart slugs (D:3)
  36 orcs
  7 ball pythons
  3 bats
  10 endoplasms
  2 giant cockroaches
  6 goblins
  11 hobgoblins
  11 jackals
  4 frilled lizards
  7 kobolds
  5 rats
169 creatures vanquished.

Vanquished Creatures (others)
  7 plants
7 creatures vanquished.

Grand Total: 176 creatures vanquished

Notes
Turn   | Place    | Note
-------+----------+-------------------------------------------
     0 | D:1      | lunkers the Djinni Earth Elementalist began the quest for
                  | the Orb.
     0 | D:1      | Reached XP level 1. HP: 15/15 MP: 0/0
   208 | D:1      | Reached XP level 2. HP: 18/22 MP: 0/0
   287 | D:1      | Reached skill level 1 in Fighting
   619 | D:1      | Reached XP level 3. HP: 22/27 MP: 0/0
   619 | D:1      | Learned a level 1 spell: Freeze
   777 | D:1      | Reached skill level 3 in Spellcasting
  1311 | D:2      | Reached XP level 4. HP: 23/32 MP: 0/0
  2267 | D:3      | Reached XP level 5. HP: 30/38 MP: 0/0
  2267 | D:3      | Learned a level 2 spell: Blink
  2808 | D:3      | Found a faded altar of an unknown god.
  3217 | D:3      | Reached skill level 4 in Spellcasting
  3225 | D:3      | Reached XP level 6. HP: 14/45 MP: 0/0
  3994 | D:4      | Noticed a necrophage
  3997 | D:4      | Killed a necrophage
  4023 | D:4      | Noticed a necrophage
  4202 | D:4      | Killed a necrophage
  4203 | D:4      | Reached XP level 7. HP: 35/50 MP: 0/0
  4203 | D:4      | Learned a level 3 spell: Gell's Gravitas
  4301 | D:4      | Reached skill level 1 in Shields
  4343 | D:4      | Reached skill level 5 in Spellcasting
  5085 | D:4      | Reached XP level 8. HP: 54/58 MP: 0/0
  5253 | D:4      | Found a transporter.
  5256 | D:4      | Found a transporter.
  5256 | D:4      | Noticed Atlas's ghost (amateur DrTm)
  5260 | D:4      | Identified the +3 spear "Huuz Ubb" {venom, rPois}
  5450 | D:5      | Entered Level 5 of the Dungeon
  6027 | D:5      | Found a transporter.
  6071 | D:5      | Found a staircase to the Ecumenical Temple.
  6198 | D:5      | Found a transporter.
  6226 | Temple   | Entered the Ecumenical Temple
  6604 | Temple   | Became a worshipper of Gozag Ym Sagoz the Greedy
  6654 | D:5      | Reached skill level 6 in Spellcasting
  6771 | D:5      | Reached skill level 5 in Fighting
  7038 | D:5      | Found an ornate altar of the Wu Jian Council.
  7040 | D:5      | Found a shadowy altar of Dithmenos.
  7040 | D:5      | Found a burning altar of Makhleb.
  7040 | D:5      | Found a hide-covered altar of Uskayaw.
  7042 | D:5      | Found a snail-covered altar of Cheibriados.
  7043 | D:5      | Found a glowing golden altar of the Shining One.
  7044 | D:5      | Found a sacrificial altar of Ru.
  7045 | D:5      | Found a shimmering altar of Xom.
  7606 | D:6      | Reached XP level 9. HP: 59/65 MP: 0/0
  7606 | D:6      | Learned a level 3 spell: Swiftness
  8485 | D:6      | Reached skill level 7 in Spellcasting
  8621 | D:6      | Found a runed translucent door.
  8622 | D:6      | Noticed Crazy Yiuf
  8735 | D:6      | Killed Crazy Yiuf
  8916 | D:7      | Noticed Duvessa
  8916 | D:7      | Noticed Dowan
  8923 | D:7      | Killed Duvessa
  8924 | D:7      | Killed Dowan
  9097 | D:7      | Found a transporter.
  9113 | D:7      | Found a basalt altar of Yredelemnul.
  9114 | D:7      | Noticed Menkaure
  9206 | D:7      | Found a sparkling altar of Nemelex Xobeh.
  9214 | D:7      | Found an iron altar of Okawaru.
  9214 | D:7      | Found a bloodstained altar of Trog.
  9453 | D:7      | Found a transporter.
  9760 | D:7      | Noticed a deep elf pyromancer
  9764 | D:7      | Killed a deep elf pyromancer
  9765 | D:7      | Reached skill level 8 in Spellcasting
  9967 | D:8      | Found a transporter.
  9970 | D:8      | Noticed Laraso's ghost (novice MfIE)
  9972 | D:8      | Noticed a centaur warrior
  9973 | D:8      | Noticed a cyclops
 10003 | D:8      | Noticed a two-headed ogre
 10008 | D:8      | Killed a two-headed ogre
 10009 | D:8      | Reached XP level 10. HP: 66/75 MP: 0/0
 10460 | D:8      | Noticed Gastronok
 10466 | D:8      | Noticed Joseph
 10476 | D:8      | Killed from afar by Gastronok

Illustrated notes

Levels and vault maps discovered:
D:1:      minmay_arrival_jagged, layout_loops_ring
D:2:      layout_loops_ring
D:3:      layout_loops_ring, hellmonk_ecumenical_altar_zigzags, st_stairs_3
D:4:      layout_basic, gammafunk_ghost_gnarly_gnolls
D:5:      gammafunk_steamed_eel, layout_loops_ring, minitemple,
          minmay_temple_entry_statues_fountains
D:6:      layout_basic, uniq_crazy_yiuf_cottage
D:7:      layout_cave_pools, gammafunk_temple_of_torment,
          grunt_temple_overflow_open, serial_column_ruins, column_ruins_grid_1,
          column_ruins_columns_straight, column_ruins_open_small,
          column_ruins_grid_1, column_ruins_columns_corner,
          column_ruins_open_tiny, guppyfry_early_elven_hall, uniq_duvessa
D:8:      layout_layer_cave, lair_entry_dummy, gammafunk_ghost_arena,
          chequers_serial_rivers_large_a, amcnicky_mini_corridor_feature,
          serial_bayou_lagoon_a, the_hattery, uniq_joseph, uniq_gastronok
Temple:   compressed_dpeg_triangle_lava_temple

Skill      XL: |  1  2  3  4  5  6  7  8  9 |
---------------+----------------------------+-----
Fighting       | 1 2 3 4 5 7 |  7.6
Spellcasting   | 3 4 5 6 8 |  8.9
Shields        | 2 3 4 |  4.0
Dodging        | |  2.1
Stealth        | |  1.5

Action                   |  1- 3 |  4- 6 |  7- 9 | 10-12 || total
-------------------------+-------+-------+-------+-------++-------
 Cast: Sandblast         |    43 |    37 |       |       ||    80
       Stone Arrow       |       |    48 |   142 |    15 ||   205
Evoke: Wand              |       |       |       |     3 ||     3
  Use: Scroll            |       |       |     5 |     1 ||     6
Armor: Robe              |     3 |     4 |     5 |       ||    12
       Ring mail         |       |       |       |     3 ||     3
Dodge: Dodged            |     3 |    10 |     7 |     1 ||    21
Block: Buckler           |       |       |     4 |     3 ||     7

Table legend: (Time is in decaauts)
 A = Elapsed time spent in this place.
 B = Non-inter-level travel time spent in this place.
 C = Inter-level travel time spent in this place.
 D = Time resting spent in this place.
 E = Time spent auto-exploring this place.
 F = Levels seen in this place.
 G = Mean time per level.
                   A        B        C        D        E       F      G
               +--------+--------+--------+--------+--------+-----+--------+
         Total |  10477 |  10128 |    349 |    184 |   9141 |   9 | 1164.1 |
       Dungeon |  10083 |   9762 |    321 |    184 |   8777 |   8 | 1260.4 |
        Temple |    393 |    365 |     28 |      0 |    364 |   1 |  393.0 |
               +--------+--------+--------+--------+--------+-----+--------+

Top non-repeatable levels by time:
     D:3: 1859 daAuts
     D:6: 1520 daAuts
     D:5: 1503 daAuts
     D:4: 1306 daAuts
     D:1: 1173 daAuts
     D:2: 1112 daAuts
     D:7: 1023 daAuts
     D:8: 583 daAuts
  Temple: 393 daAuts
